 Dungeon Crawl Stone Soup version 0.19.1-1-g22dce08 (webtiles) character file.

11070 dngmouse the Pandemonic (level 11, -9/113 HPs)
             Began as a Deep Dwarf Fighter on Jan 11, 2017.
             Was a High Priest of Makhleb.
             Mangled by a white ugly thing (20 damage)
             ... on level 11 of the Dungeon.
             The game lasted 01:00:25 (9646 turns).

dngmouse the Pandemonic (Deep Dwarf Fighter)        Turns: 9646, Time: 01:00:28

Health: -9/113     AC: 18    Str: 25    XL:     11   Next: 44%
Magic:  19/19      EV:  7    Int:  9    God:    Makhleb [*****.]
Gold:   555        SH:  9    Dex: 14    Spells: 0 memorised, 10 levels left

rFire  . . .     SeeInvis .     a - +0 war axe
rCold  . . .     Gourm    .     L - +6 plate armour
rNeg   . . .     Faith    .     c - +0 shield
rPois  .         Spirit   .     (helmet restricted)
rElec  .         Reflect  .     l - +1 cloak
rCorr  .         Harm     .     r - +0 pair of gloves
MR     +....                    (no boots)
Stlth  ..........               V - amulet of magic regeneration
                                b - +3 ring of evasion
                                Q - +2 ring of strength

@: non-regenerating, heavily drained
A: damage resistance, recharge devices, horns 1, agile 1, deformed body, sense
surroundings 2, robust 1, slow regeneration 3
a: Device Recharging, Minor Destruction, Lesser Servant of Makhleb, Major
Destruction, Greater Servant of Makhleb, Renounce Religion


You were on level 11 of the Dungeon.
You worshipped Makhleb.
Makhleb was extremely pleased with you.
You were not hungry.

You visited 4 branches of the dungeon, and saw 15 of its levels.

You collected 827 gold pieces.
You spent 272 gold pieces at shops.

Inventory:

Hand Weapons
 a - a +0 war axe (weapon)
 K - a +1 hand axe of electrocution
Missiles
 W - 21 tomahawks (quivered)
Armour
 c - a +0 shield (worn)
 l - a +1 cloak (worn)
 r - a +0 pair of gloves (worn)
 L - a +6 plate armour (worn)
Jewellery
 b - a +3 ring of evasion (right hand)
 q - an uncursed ring of wizardry {unknown}
 H - an uncursed ring of protection from cold
 Q - a +2 ring of strength (left hand)
 V - an amulet of magic regeneration (around neck)
Wands
 e - a wand of heal wounds (1/9)
 U - a wand of acid (0/15)
 Z - a wand of polymorph (15/24)
Scrolls
 h - a scroll of immolation
 i - 2 scrolls of random uselessness
 j - 4 scrolls of teleportation
 o - 6 scrolls of identify
 s - 2 scrolls of blinking
 u - a scroll of fog
 v - a scroll of recharging
 w - 7 scrolls of amnesia
 y - a scroll of enchant weapon
 z - 5 scrolls of remove curse
 A - a scroll of fear {unknown}
 D - 2 scrolls of noise
 T - a scroll of summoning {unknown}
Potions
 d - a potion of mutation
 m - a potion of flight
 n - 2 potions of agility
 p - a potion of curing {unknown}
 t - a potion of brilliance {unknown}
 x - a potion of magic
 F - a potion of ambrosia {unknown}
 N - 2 potions of cancellation {unknown}
 S - a potion of resistance {unknown}
Comestibles
 f - 4 bread rations
 g - 6 chunks of flesh
 k - a slice of pizza
 C - a meat ration
 I - 4 beef jerkies
 J - 10 royal jellies
 M - 15 fruits


   Skills:
 + Level 7.8(6.0) Fighting
 * Level 9.3(7.4) Axes
 + Level 9.3(7.5) Armour
 - Level 3.2(1.7) Shields
 + Level 10.9(9.0) Invocations
 - Level 10.6(8.7) Evocations


You had 10 spell levels left.
You didn't know any spells.

Dungeon Overview and Level Annotations

Branches:
Dungeon (11/15)            Temple (1/1) D:7            Lair (1/6) D:8
    Orc (2/2) D:10            Elf (0/3) Orc:2

Altars:
Cheibriados
Dithmenos
Fedhas
Hepliaklqana
Makhleb
Qazlal
Sif Muna
Trog
Vehumet
Zin
Beogh
Jiyva

Shops:
D:7 ?   D:10 ?   Orc:1 [


Innate Abilities, Weirdness & Mutations

You are resistant to damage.
You can recharge devices by infusing magical energy.
You passively map the area around you.
You do not regenerate.
You have a pair of small horns on your head.
You are agile. (Dex +2)
Armour fits poorly on your strangely shaped body.
You are robust. (+10% HP)


Message History

The bullfrog is lightly wounded.
You hit the white ugly thing but do no damage.
You block the bullfrog's attack.
The white ugly thing closely misses you.
The bullfrog barely misses you.
You block the white ugly thing's attack.
You closely miss the bullfrog. You headbutt the bullfrog!
The bullfrog is severely wounded.
You hit the white ugly thing. You block the bullfrog's attack.
The bullfrog hits you but does no damage.
The white ugly thing pecks you. The white ugly thing freezes you!!
* * * LOW HITPOINT WARNING * * *
You hit the bullfrog.
The bullfrog is almost dead.
You hit the white ugly thing.
The bullfrog hits you but does no damage.
The white ugly thing pecks you!
* * * LOW HITPOINT WARNING * * *
The white ugly thing freezes you!!
You die...

,* * * * ,
** * *
#......$.# ,
, *
#........#
** ,,, , *
#....(...# ,
, *
#........#*,
, , ,*
*#........#*
, , ,, ,
#........#
,, , , ,
+...u..>.+ *
, ,
*#..F@.?..#
,, , **
#........#
,, ,
#######+## *
* , * * * ,
*** * ,* * *
*, , ,, , ,
,, * , ,


You could see a white ugly thing and a bullfrog.

Vanquished Creatures
  A hill giant (D:10)
  Pikel (D:6)
  Joseph (D:8)
  A spiny frog (Lair:1)
  2 komodo dragons
  3 trolls
  A hornet (D:9)
  A two-headed ogre (D:8)
  The ghost of Paps the Covered, an amateur DsFi (D:4)
  A basilisk (Lair:1)
  2 hungry ghosts
  Menkaure (D:5)
  A warg (D:9)
  Edmund (D:6)
  2 sky beasts
  13 orc warriors
  3 water moccasins
  2 ice beasts
  3 eyes of draining
  2 phantoms
  3 ogres (Orc:1)
  3 black bears
  A necrophage (D:7)
  2 centaurs
  A big kobold (D:9)
  9 bullfrogs
  A water moccasin skeleton (D:9)
  2 scorpions
  4 killer bees (D:7)
  5 wights (D:9)
  4 howler monkeys
  2 crimson imps
  2 centaur zombies
  9 orc priests
  13 hounds
  2 centaur skeletons
  6 jellies
  3 iguanas
  18 orc wizards
  11 worker ants
  A hound zombie (D:8)
  2 hound skeletons
  7 gnolls
  13 adders
  2 shadow imps
  7 oozes
  2 adder skeletons
  An adder zombie (D:8)
  7 worms
  4 dart slugs
  4 leopard geckos
  61 orcs
  5 bats
  11 giant cockroaches
  12 goblins
  7 hobgoblins
  10 jackals
  5 quokkas
  4 frilled lizards
  10 kobolds
  A quokka skeleton (D:5)
  14 rats
334 creatures vanquished.

Vanquished Creatures (others)
  A gnoll (D:6)
  An adder zombie (D:6)
  2 plants (D:8)
4 creatures vanquished.

Grand Total: 338 creatures vanquished

Notes
Turn   | Place    | Note
-------+----------+-------------------------------------------
     0 | D:1      | dngmouse the Deep Dwarf Fighter began the quest for the Orb.
     0 | D:1      | Reached XP level 1. HP: 20/20 MP: 1/1
   175 | D:1      | Reached XP level 2. HP: 26/28 MP: 2/2
   752 | D:1      | Reached XP level 3. HP: 20/34 MP: 3/3
   999 | D:2      | Found a burning altar of Makhleb.
  1007 | D:2      | Became a worshipper of Makhleb the Destroyer
  1055 | D:2      | Reached XP level 4. HP: 22/42 MP: 4/4
  1451 | D:2      | Reached skill level 1 in Invocations
  1547 | D:3      | Reached skill level 1 in Evocations
  1742 | D:3      | Gained mutation: You are robust. (+10% HP) [potion of beneficial mutation]
  1748 | D:3      | Reached * piety under Makhleb
  1748 | D:3      | Reached XP level 5. HP: 33/53 MP: 6/6
  2351 | D:3      | Reached ** piety under Makhleb
  2668 | D:4      | Reached XP level 6. HP: 28/62 MP: 6/8
  2722 | D:4      | Noticed Paps's ghost (amateur DsFi)
  2741 | D:4      | Killed Paps's ghost
  2754 | D:4      | Reached XP level 7. HP: 39/70 MP: 9/9
  2763 | D:4      | Reached skill level 5 in Armour
  2821 | D:4      | Got a jasper-encrusted ring mail
  2822 | D:4      | Identified the +2 ring mail of Paranoia {rC+ Dex+4} (You found it on level 4 of the Dungeon)
  2832 | D:4      | Found a hazy altar of Hepliaklqana.
  3103 | D:5      | Entered Level 5 of the Dungeon
  3428 | D:5      | Reached skill level 5 in Axes
  3502 | D:5      | Noticed Menkaure
  3513 | D:5      | Killed Menkaure
  3513 | D:5      | Reached skill level 5 in Invocations
  3513 | D:5      | Reached skill level 5 in Evocations
  3551 | D:5      | Reached XP level 8. HP: 32/80 MP: 11/11
  3748 | D:6      | Reached *** piety under Makhleb
  3835 | D:6      | Noticed Pikel
  3867 | D:6      | Killed Pikel
  3867 | D:6      | Reached skill level 5 in Fighting
  4271 | D:6      | Noticed Edmund
  4281 | D:6      | Killed Edmund
  4296 | D:6      | Gained mutation: You passively map the area around you. [Deep Dwarf growth]
  4296 | D:6      | Reached XP level 9. HP: 55/89 MP: 14/14
  4375 | D:6      | Found a deep blue altar of Sif Muna.
  4553 | D:7      | Found a glowing silver altar of Zin.
  4811 | D:7      | Found Pefimi's Magic Scroll Shoppe.
  4820 | D:7      | Bought a scroll of enchant armour for 97 gold pieces
  4820 | D:7      | Bought a scroll of enchant weapon for 97 gold pieces
  4820 | D:7      | Bought a scroll of remove curse for 39 gold pieces
  4820 | D:7      | Bought a scroll of teleportation for 39 gold pieces
  5108 | D:7      | Reached **** piety under Makhleb
  5125 | D:7      | Found a shadowy altar of Dithmenos.
  5156 | D:7      | Found a staircase to the Ecumenical Temple.
  5183 | Temple   | Entered the Ecumenical Temple
  5551 | D:8      | Found a snail-covered altar of Cheibriados.
  5697 | D:8      | Noticed Joseph
  5754 | D:8      | Killed Joseph
  5754 | D:8      | Reached XP level 10. HP: 72/100 MP: 15/17
  6180 | D:8      | Found a staircase to the Lair.
  6261 | D:8      | Found a viscous altar of Jiyva.
  6419 | Lair:1   | Entered Level 1 of the Lair of Beasts
  6429 | Lair:1   | Noticed a spiny frog
  6443 | Lair:1   | Killed a spiny frog
  6524 | Lair:1   | Reached skill level 10 in Invocations
  6845 | Lair:1   | Reached skill level 10 in Evocations
  7112 | D:9      | Found a bloodstained altar of Trog.
  7699 | D:9      | Reached ***** piety under Makhleb
  7890 | D:10     | Entered Level 10 of the Dungeon
  7936 | D:9      | Reached XP level 11. HP: 110/110 MP: 6/18
  8069 | D:10     | Found a staircase to the Orcish Mines.
  8085 | Orc:1    | Entered Level 1 of the Orcish Mines
  8085 | Orc:1    | Found Paeclihu's Armour Shoppe.
  8235 | D:10     | Found Zurept's Magic Scroll Emporium.
  8364 | D:10     | Noticed a hill giant
  8375 | D:10     | Killed a hill giant
  8407 | D:10     | Found a bloodstained altar of Trog.
  9104 | Orc:1    | Found a roughly hewn altar of Beogh.
  9156 | Orc:1    | HP: 4/112 [orc priest/divine providence (9)]
  9159 | Orc:1    | HP: 1/112 [orc warrior/long sword of draining (3)]
  9162 | Orc:1    | Gained mutation: Armour fits poorly on your strangely shaped body. [potion of mutation]
  9162 | Orc:1    | Gained mutation: You are agile. (Dex +2) [potion of mutation]
  9162 | Orc:1    | Gained mutation: You have a pair of small horns on your head. [potion of mutation]
  9288 | Orc:2    | Entered Level 2 of the Orcish Mines
  9314 | Orc:2    | Found a staircase to the Elven Halls.
  9503 | Orc:1    | HP: 2/113 [troll (5)]
  9561 | Orc:1    | Noticed an orc warlord
  9641 | D:11     | Noticed a white ugly thing
  9646 | D:11     | Mangled by a white ugly thing

Skill      XL: |  1  2  3  4  5  6  7  8  9 10 11 |
---------------+----------------------------------+-----
Fighting       | 3 4 5 6 7 |  7.8
Axes           | 3 4 5 6 8 9 |  9.3
Armour         | 4 5 6 7 8 9 |  9.3
Invocations    | 1 2 3 5 7 9 10 | 10.9
Evocations     | 1 2 3 5 7 9 10 | 10.6
Shields        | |  3.2

Action                   |  1- 3 |  4- 6 |  7- 9 | 10-12 || total
-------------------------+-------+-------+-------+-------++-------
Melee: War axe           |    99 |   237 |   586 |   741 ||  1663
       Headbutt          |       |       |       |    29 ||    29
Throw: Tomahawk          |       |       |       |     5 ||     5
       Javelin           |       |       |       |     2 ||     2
Evoke: Wand              |       |     1 |     3 |     9 ||    13
  Use: Potion            |       |     5 |     3 |     3 ||    11
       Scroll            |       |       |     2 |    12 ||    14
 Stab: Invisible         |       |       |     2 |       ||     2
  Eat: Chunk             |     1 |     6 |    23 |    16 ||    46
       Pizza             |       |       |     2 |       ||     2
Armor: Scale mail        |    52 |    87 |       |       ||   139
       Chain mail        |       |    43 |    11 |       ||    54
       Ring mail         |       |       |   107 |       ||   107
       Plate armour      |       |       |   176 |   428 ||   604
Dodge: Dodged            |    30 |    76 |   199 |   215 ||   520
Block: Shield            |    52 |   125 |   290 |   387 ||   854
